 Dungeon Crawl Stone Soup version 0.31-a0-986-g5e6e4ef867 (webtiles) character file.

Game seed: 14745413627081089207

12 wildpjah the Digger (level 2, 15/15 HPs)
             Began as a Gargoyle Earth Elementalist on Nov 18, 2023.
             Was a Follower of Uskayaw.
             Quit the game on level 1 of the Dungeon.
             The game lasted 00:03:40 (693 turns).

wildpjah the Digger (Gargoyle Earth Elementalist)    Turns: 693, Time: 00:03:41

Health: 15/15      AC:  4    Str: 11    XL:     2   Next: 33%
Magic:  5/5        EV: 12    Int: 15    God:    Uskayaw [*.....]
Gold:   46         SH:  0    Dex: 10    Spells: 4/5 levels left

rFire   . . .        d - +0 hand axe (venom)
rCold   . . .        (no shield)
rNeg    + . .        a - +0 robe
rPois   ∞            (no helmet)
rElec   +            (no cloak)
rCorr   .            (no gloves)
SInv    .            (no boots)
Will    .....        (no amulet)
Stlth   ++           (no ring)
HPRegen 0.22/turn    (no ring)
MPRegen 0.09/turn

%: no passive effects
@: no status effects
A: sickness immunity, AC +2, negative energy resistance 1, electricity
resistance, torment resistance 1, petrification resistance
a: Renounce Religion, Stomp


You were on level 1 of the Dungeon.
You worshipped Uskayaw.
Uskayaw was noncommittal.
You visited 1 branch of the dungeon, and saw 1 of its levels.

You collected 46 gold pieces.

Inventory:

Hand Weapons
 d - a +0 hand axe of venom (weapon)
Armour
 a - a +0 robe (worn)
Jewellery
 e - a +4 ring of slaying
Scrolls
 g - a scroll of torment {unknown}
Potions
 b - 2 potions of magic
 c - a potion of curing {unknown}
 f - 3 potions of haste {unknown}


   Skills:
 + Level 1.6 Dodging
 + Level 2.1 Stealth
 + Level 2.3 Spellcasting
 + Level 0.7 Transmutations
 + Level 4.0 Earth Magic


You had 4 spell levels left.
You knew the following spells:

 Your Spells              Type           Power      Damage    Failure   Level
a - Sandblast             Erth           28%        2d8       4%          1

Your spell library contained the following spells:

 Spells                   Type           Power      Damage    Failure   Level
 Passwall                 Tmut/Erth      7%         N/A       12%         2
 Stone Arrow              Conj/Erth      14%        3d7       28%         3
 Ensorcelled Hibernation  Hex/Ice        2%         N/A       32%         2
 Swiftness                Air            1%         N/A       54%         3
 Petrify                  Tmut/Erth      9%         N/A       61%         4
 Brom's Barrelling Bould  Conj/Erth      7%         2d3       67%         4


Dungeon Overview and Level Annotations

Branches:
Dungeon (1/15)

Altars:
Uskayaw


Innate Abilities, Weirdness & Mutations

You are immune to sickness and miasma.
Your stone body is resilient. (AC +2)
You are immune to poison.
You resist negative energy. (rN+)
You are resistant to electric shocks. (rElec)
You are resistant to unholy torment.
You are immune to petrification.


Message History

The ball python constricts you. The ball python closely misses you.
The ball python constricts you.
You hit the ball python but do no damage.
The ball python is poisoned.
You kill the ball python!
You see here a ball python corpse.
You open the door.
There is an open door here.
An endoplasm comes into view.
The helpless endoplasm fails to defend itself.
You hit the endoplasm but do no damage. The endoplasm barely misses you.
You hit the endoplasm.
The endoplasm is heavily wounded.
The endoplasm closely misses you.
You hit the endoplasm.
The endoplasm is poisoned.
The endoplasm is severely wounded.
You kill the endoplasm!
No target in view!
There is an open door here.
Found a ring mail.
An endoplasm comes into view.
Unknown command.
Unknown command.
Unknown command.
Unknown command.
Unknown command.
Unknown command.
Unknown command.
Unknown command.
Unknown command.
Unknown command.
Unknown command.
Saving game... please wait.
Welcome back, wildpjah the Gargoyle Earth Elementalist.
Uskayaw says: Surrender yourself to the rhythm!
Press ? for a list of commands and other information.
Welcome back, wildpjah the Gargoyle Earth Elementalist.
Uskayaw says: Surrender yourself to the rhythm!
Press ? for a list of commands and other information.
Are you sure you want to abandon this character and quit the game? (Confirm with "yes".)

......#..#.#.#
#.#
......#..#.#.#
#.# .###### .#
#.####.########
## .#
#..............
######.########
.........#
.#######.#
#.##...#######.
#...@..........
#.##.#########.
# #..J ##.##
###


You could see an endoplasm (asleep).

Vanquished Creatures
  A dart slug (D:1)
  2 bats (D:1)
  2 endoplasms (D:1)
  A giant cockroach (D:1)
  A goblin (D:1)
  A quokka (D:1)
  A ball python (D:1)
9 creatures vanquished.

Notes
Turn   | Place    | Note
-------+----------+-------------------------------------------
     0 | D:1      | wildpjah the Gargoyle Earth Elementalist began the quest
                  | for the Orb.
     0 | D:1      | Reached XP level 1. HP: 10/10 MP: 3/3
   233 | D:1      | Reached XP level 2. HP: 15/15 MP: 1/5
   332 | D:1      | Found a faded altar of an unknown god.
   342 | D:1      | Reached skill level 4 in Earth Magic
   432 | D:1      | Prayed at the altar of an unknown god.
   432 | D:1      | Became a worshipper of Uskayaw the Reveller
   432 | D:1      | Reached * piety under Uskayaw
   693 | D:1      | Quit the game

Illustrated notes

Levels and vault maps discovered:
D:1:      lightli_arrival_lavapool, layout_basic, basic_ecumenical_altar

Skill      XL: |  1  2 |
---------------+-------+-----
Earth Magic    | 4 |  4.0
Dodging        | |  1.6
Stealth        | |  2.1
Spellcasting   | |  2.3
Transmutations | |  0.7

Action                     || total
---------------------------++-------
  Melee: Unarmed           ||     1
         Hand axe          ||     9
   Cast: Sandblast         ||    12
   Stab: Sleeping          ||     1
 Armour: Robe              ||    17
  Dodge: Dodged            ||    15

Table legend: (Time is in decaauts)
 A = Elapsed time spent in this place.
 B = Non-inter-level travel time spent in this place.
 C = Inter-level travel time spent in this place.
 D = Time resting spent in this place.
 E = Time spent auto-exploring this place.
 F = Levels seen in this place.
 G = Mean time per level.
                   A        B        C        D        E       F      G
               +--------+--------+--------+--------+--------+-----+--------+
         Total |    701 |    681 |     20 |      0 |    599 |   1 |  701.0 |
       Dungeon |    701 |    681 |     20 |      0 |    599 |   1 |  701.0 |
               +--------+--------+--------+--------+--------+-----+--------+

Top non-repeatable levels by time:
     D:1: 701 daAuts
